Map: 2000 Atmospheres LE

Players

Nina

  • Race: Protoss Protoss
  • League: Grandmaster

Scarlett - Winner!

  • Race: Zerg Zerg

Event: DreamHack SC2 Masters 2021 Summer

VOD

Have the link to the VOD?

Description

Time

  • Played on: June 5, 2021, 3:56 p.m.
  • Length: 8:11

All games in this series

Show
View Real Time Build Order
Export as new Build Order

Nina Protoss 

Build Orders: 1 Gate Expand, Oracle Opening 

Get SALT Encoding   

  12  0:00  Probe  
  13  0:13  Probe  
  14  0:18  Pylon  
  14  0:26  Probe  
  15  0:38  Gateway  
  15  0:40  Probe (Chrono Boost)  
  17  0:51  Probe (Chrono Boost), Assimilator  
  17  0:56  Probe (Chrono Boost)  
  18  1:07  Probe  
  19  1:19  Probe  
  20  1:27  Nexus  
  20  1:37  Cybernetics Core  
  20  1:39  Probe  
  21  1:48  Assimilator  
  21  1:51  Probe  
  22  1:57  Pylon  
  22  2:03  Probe  
  23  2:12  Adept (Chrono Boost)  
  25  2:16  Probe  
  26  2:26  Stargate  
  26  2:28  Probe (Chrono Boost)  
  27  2:35  Adept  
  29  2:39  Probe (Chrono Boost)  
  29  2:40  Warp Gate  
  31  2:45  Probe (Chrono Boost)  
  31  2:49  Probe (Chrono Boost)  
  32  2:53  Probe (Chrono Boost)  
  32  2:58  Gateway  
  34  2:59  Probe (Chrono Boost)  
  34  3:00  Probe (Chrono Boost)  
  34  3:05  Probe  
  36  3:06  Probe  
  36  3:08  Oracle (Chrono Boost)  
  40  3:17  Probe  
  40  3:18  Probe  
  42  3:22  Pylon  
  42  3:29  Probe  
  42  3:30  Probe  
  44  3:40  Oracle (Chrono Boost)  
  44  3:41  Probe  
  44  3:42  Probe  
  49  3:50  Pylon  
  49  3:53  Nexus  
  49  3:55  Probe  
  50  3:59  Probe  
  51  4:04  Pylon  
  51  4:07  Probe  
  51  4:09  Phoenix  
  54  4:11  Probe  
  55  4:19  Probe  
  55  4:22  Robotics Facility  
  55  4:23  Probe  
  54  4:24  Assimilator  
  54  4:28  Assimilator  
  54  4:29  Adept  
  54  4:31  Probe, Zealot  
  58  4:35  Probe  
  60  4:43  Probe, Gateway x2  
  61  4:47  Probe  
  61  4:52  Oracle  
  65  4:55  Probe  
  65  4:59  Probe  
  67  5:01  Zealot  
  67  5:05  Pylon  
  69  5:07  Pylon  
  69  5:08  Probe  
  69  5:09  Probe  
  69  5:10  Warp Prism (Chrono Boost)  
  69  5:12  Probe  
  74  5:16  Sentry  
  74  5:20  Probe, Gateway  
  77  5:23  Probe  
  77  5:26  Gateway  
  77  5:27  Sentry  
  80  5:28  Probe  
  80  5:34  Probe  
  82  5:37  Sentry  
  82  5:38  Shield Battery  
  82  5:40  Probe, Pylon  
  85  5:46  Observer, Probe  
  85  5:48  Sentry x2  
  91  5:51  Probe  
  91  5:53  Probe  
  93  6:00  Shield Battery  
  93  6:01  Zealot x2  
  97  6:05  Shield Battery  
  97  6:06  Twilight Council  
  97  6:08  Assimilator  
  97  6:10  Immortal  
  101  6:13  Assimilator  
  101  6:14  Stalker  
  103  6:20  Zealot  
  103  6:21  Zealot  
  105  6:26  Stalker x2  
  105  6:28  Zealot  
  104  6:38  Zealot  
  106  6:42  Zealot x2  
  106  6:49  Zealot  
  106  6:52  Zealot  
  104  6:58  Pylon x2  
  100  7:04  Pylon  
  100  7:05  Pylon  
  100  7:06  Gateway  
  95  7:08  Zealot  
  95  7:09  Gateway, Zealot x2, Immortal  
  95  7:13  Zealot  
  89  7:16  Zealot  
Show
View Real Time Build Order
Export as new Build Order

Scarlett Zerg - Winner!

Build Orders: Hatch First 

Get SALT Encoding   

  12  0:00  Drone  
  13  0:12  Overlord  
  13  0:16  Drone  
  14  0:30  Drone x2  
  16  0:41  Drone  
  17  0:51  Hatchery  
  17  0:54  Drone  
  17  0:58  Drone  
  18  1:08  Extractor  
  17  1:13  Spawning Pool  
  17  1:15  Drone  
  17  1:19  Drone  
  18  1:27  Drone  
  19  1:39  Drone  
  20  1:50  Overlord  
  20  1:59  Queen  
  22  2:03  Drone, Queen  
  22  2:04  Zergling x2  
  26  2:10  Drone  
  27  2:15  Drone  
  28  2:23  Metabolic Boost  
  28  2:24  Drone  
  28  2:28  Drone  
  30  2:33  Hatchery  
  29  2:42  Zergling x4  
  31  2:45  Queen  
  31  2:49  Overlord  
  33  2:54  Drone x2  
  35  3:03  Drone  
  36  3:10  Drone x5  
  41  3:13  Queen  
  41  3:16  Overlord  
  42  3:20  Drone x2  
  42  3:26  Overlord  
  44  3:32  Overlord  
  44  3:35  Zergling x2  
  44  3:38  Queen  
  44  3:39  Zergling x2  
  48  3:44  Drone x3  
  51  3:49  Spore Crawler  
  51  3:51  Queen  
  51  3:55  Drone  
  53  3:57  Drone x2  
  53  4:00  Drone  
  56  4:04  Drone x3  
  59  4:13  Drone  
  59  4:14  Drone x3  
  61  4:23  Drone x4  
  61  4:24  Drone x2  
  67  4:28  Extractor, Roach Warren  
  67  4:29  Extractor  
  64  4:33  Queen  
  64  4:34  Drone  
  64  4:35  Drone x3  
  64  4:37  Extractor  
  69  4:40  Lair  
  69  4:43  Drone  
  70  4:46  Overlord x2  
  70  4:50  Spore Crawler  
  69  5:00  Overlord x2  
  69  5:02  Drone  
  70  5:08  Roach  
  70  5:09  Roach x5  
  70  5:12  Spore Crawler  
  81  5:18  Overlord x3  
  81  5:24  Roach x5  
  91  5:30  Overlord  
  91  5:31  Roach  
  91  5:32  Roach x2  
  91  5:35  Overlord  
  97  5:36  Zergling x4  
  100  5:42  Zergling x2  
  100  5:43  Zergling x8  
  100  5:45  Overseer  
  104  5:50  Zergling x6  
  104  5:51  Ravager x4  
  104  5:55  Zergling x8  
  115  6:02  Zergling x8  
  119  6:06  Queen, Zergling x2  
  119  6:09  Ravager x3  
  125  6:13  Zergling x4  
  125  6:17  Zergling x2  
  128  6:21  Zergling x4  
  128  6:23  Overlord x2  
  129  6:29  Ravager  
  129  6:31  Overlord  
  129  6:41  Queen x2  
  129  6:44  Zergling x16  
  129  6:45  Ravager x4  
  130  6:57  Zergling x4  
  130  6:58  Zergling x2  
  127  7:04  Zergling x2  
  127  7:05  Ravager  
  124  7:10  Zergling x4  
  124  7:11  Ravager  
  124  7:13  Queen  
  124  7:15  Hatchery  
  123  7:18  Zergling x2  
  123  7:19  Zergling x4, Evolution Chamber  
Tags
 
Add a new tag
Caveats
  • Supply blocks, unpowered buildings, or Contaminate may cause inaccurate times.
  • Supply counts are checked every 10 seconds.